 Dungeon Crawl Stone Soup version 0.25.1-2-g60ff931df9 (webtiles) character file.

Game seed: 13351475636567780887

60 lorenzova the Firebug (level 3, -3/19 HPs)
             Began as a Deep Elf Fire Elementalist on Oct 7, 2020.
             Killed from afar by Natasha (6 damage)
             ... with a magic dart
             ... on level 2 of the Dungeon.
             The game lasted 00:02:50 (1907 turns).

lorenzova the Firebug (Deep Elf Fire Elementalist)  Turns: 1907, Time: 00:02:51

Health: -3/19      AC:  2    Str:  5    XL:     3   Next: 82%
Magic:  7/10       EV: 13    Int: 20    God:
Gold:   49         SH:  0    Dex: 15    Spells: 6/10 levels left

rFire    . . .     SeeInvis .   (no weapon)
rCold    . . .     Gourm    .   (no shield)
rNeg     . . .     Faith    .   a - +0 robe
rPois    .         Spirit   .   (no helmet)
rElec    .         Reflect  .   (no cloak)
rCorr    .         Harm     .   (no gloves)
MR       .....                  (no boots)
Stlth    ++........             (no amulet)
HPRegen  0.06/turn              (no ring)
MPRegen  0.12/turn              (no ring)

@: slowed, very slow
A: no striking features
a: no special abilities


You were on level 2 of the Dungeon.
You were not hungry.

You visited 1 branch of the dungeon, and saw 2 of its levels.

You collected 49 gold pieces.

Inventory:

Armour
 a - a +0 robe (worn)
Scrolls
 b - a scroll of enchant weapon {unknown}
 e - 2 scrolls of teleportation {unknown}
 g - a scroll of remove curse {unknown}
 i - a scroll of amnesia {unknown}
Potions
 d - a potion of haste {unknown}
 f - 2 potions of might {unknown}
Comestibles
 c - 3 rations
 h - 3 chunks of flesh


   Skills:
 - Level 2.4 Dodging
 - Level 2.4 Stealth
 + Level 4.1 Spellcasting
 + Level 2.4 Conjurations
 + Level 4.1 Fire Magic


You had 6 spell levels left.
You knew the following spells:

 Your Spells              Type           Power        Failure   Level  Hunger
a - Foxfire               Conj/Fire      ###.         3%          1    None
c - Conjure Flame         Conj/Fire      ###.....     10%         3    ###....

Your spell library contained the following spells:

 Spells                   Type           Power        Failure   Level  Hunger
 Animate Skeleton         Necr           N/A          13%         1    None
 Apportation              Tloc           #.....       13%         1    None
 Corona                   Hex            #......      13%         1    None
 Summon Small Mammal      Summ           #...         13%         1    None
 Inner Flame              Hex/Fire       ##......     17%         3    ###....
 Sticky Flame             Conj/Fire      ###.....     32%         4    ####...
 Fireball                 Conj/Fire      ###.......   67%         5    ######.


Dungeon Overview and Level Annotations

Branches:
Dungeon (2/15)

Altars:

Annotations:
D:2 Natasha


Message History

* * * LOW HITPOINT WARNING * * *
Natasha barely misses you.
The shadow imp lashes its tail.
The shadow imp completely misses you.
Your foxfire dissipates!
The crimson imp hits you.
* * * LOW HITPOINT WARNING * * *
Natasha wildly gestures.
Natasha glows brightly for a moment.
The crimson imp blinks!
Natasha extends her claws.
Natasha stares at you and mumbles some strange words.
You feel yourself slow down. Natasha casts a spell at you.
You resist with some effort.
Natasha howls an incantation.
Natasha's front paws start to glow.
Natasha casts a spell at you. The magic dart hits you.
You die...

#.........#.#.........#.#
#...
#..)....§.........>...#.#
####
#.........#.###.#####.#.#
#######..##.#...# #...#
#.....#.### #####
##.#.....# #......###
####...##.#####
#.....<..÷..@.#
#.######.####.#####
#.##...........h..#
##....###.###.####5#
#.............# #.#
###.##....##### #5#######
#.##....##### #.5.....#
#.##........# #.......#
#.##....###.# #†......#


You could see Natasha.

Vanquished Creatures
  An adder (D:2)
  A worm (D:2)
  2 dart slugs (D:1)
  2 leopard geckos (D:2)
  3 bats (D:2)
  3 goblins (D:1)
  3 hobgoblins (D:1)
  11 jackals
  3 frilled lizards
  9 kobolds
  A rat (D:1)
39 creatures vanquished.

Vanquished Creatures (others)
  128 foxfires
128 creatures vanquished.

Grand Total: 167 creatures vanquished

Notes
Turn   | Place    | Note
-------+----------+-------------------------------------------
     0 | D:1      | lorenzova the Deep Elf Fire Elementalist began the quest
                  | for the Orb.
     0 | D:1      | Reached XP level 1. HP: 10/10 MP: 6/6
   327 | D:1      | Reached XP level 2. HP: 15/15 MP: 5/8
   743 | D:1      | Reached XP level 3. HP: 9/19 MP: 0/10
   914 | D:1      | Learned a level 3 spell: Conjure Flame
  1889 | D:2      | Noticed Natasha
  1907 | D:2      | Killed from afar by Natasha

Illustrated notes

Levels and vault maps discovered:
D:1:      elethiomel_arrival_quiet, layout_rooms, serial_forest,
          infiniplex_forest_lined_room_, infiniplex_forest_end_3,
          infiniplex_forest_lined_2, infiniplex_forest_clump_long,
          infiniplex_forest_straight_3, infiniplex_forest_straight_3,
          infiniplex_forest_pool
D:2:      layout_basic, uniq_natasha

Skill      XL: |  1  2  3 |
---------------+----------+-----
Conjurations   | 2 |  2.4
Fire Magic     | 4 |  4.1
Spellcasting   | 4 |  4.1
Dodging        | |  2.4
Stealth        | |  2.4

Action                   || total
-------------------------++-------
Melee: Unarmed           ||    23
 Cast: Foxfire           ||    85
  Eat: Chunk             ||     3
Armor: Robe              ||     5
Dodge: Dodged            ||    41
